AoeStats
← epic shit

MegaRandom

510379554Analyzed
4v4 RM · 12h ago on Sep 30, 2026· 29m 3s· 8 players
Game mode
Random Map
Map size
Large (8 player)
Population
200
Speed
Normal
Resources
Standard
Victory
Conquest
Starting age
Dark Age
Ending age
Imperial Age
RankedLock teamsTeams togetherTeam positionsShared explorationLock speedFull tech treeHidden civsTurbo modeCheats
Victory
Defeat
🇷🇺 Franks · Russia
1099
+14
🇷🇴 Vietnamese · Romania
1036
+17
🇺🇸 Wei · United States
1025
+17
🇲🇽 Spanish · Mexico
983
+27
🇲🇽 Jurchens · Mexico
1208
-23
🇨🇱 Huns · Chile
1087
-18
🇦🇷 Cumans · Argentina
959
-13
🇹🇷 Franks · Türkiye
950
-13
BLOO
0:30 Loom
10:35 Feudal Age
11:08 Double-Bit Axe
20:06 Wheelbarrow
23:22 Castle Age
22:01 Bloodlines
23:42 Gold Mining
24:30 Bow Saw
24:01 Horse Collar
24:29 Husbandry
25:54 Heavy Plow
KingR
5:40 Loom
5:49 Loom
8:30 Feudal Age
9:56 Double-Bit Axe
13:02 Fletching
13:58 Horse Collar
20:32 Castle Age
23:44 Ballistics
23:35 Masonry
24:01 Padded Archer Armor
23:56 Bodkin Arrow
27:48 Leather Archer Armor
27:28 Gold Mining
27:52 Bow Saw
tonnyverygood
6:07 Loom
8:51 Feudal Age
10:32 Double-Bit Axe
11:12 Horse Collar
14:41 Wheelbarrow
20:35 Castle Age
19:23 Bloodlines
19:28 Scale Barding Armor
19:31 Gold Mining
21:41 Bow Saw
21:39 Heavy Plow
26:31 Chain Barding Armor
SANCHES
3:37 Loom
9:48 Feudal Age
10:18 Double-Bit Axe
20:10 Castle Age
19:38 Wheelbarrow
19:00 Gold Mining
19:47 Scale Barding Armor
20:52 Forging
20:52 Husbandry
21:57 Chain Barding Armor
22:50 Town Watch
24:38 Bow Saw
25:48 Gold Shaft Mining
29:43 Hand Cart
NightPlane492
3:51 Loom
9:38 Feudal Age
9:46 Man-at-Arms
12:16 Forging
18:30 Horse Collar
18:44 Gold Mining
22:54 Castle Age
28:54 Bloodlines
28:44 Husbandry
GDN_dgascogne
4:03 Loom
10:57 Feudal Age
14:05 Double-Bit Axe
19:35 Scale Mail Armor
25:37 Castle Age
25:02 Forging
25:07 Horse Collar
26:15 Pikeman
humanizli
10:11 Feudal Age
16:40 Wheelbarrow
15:50 Loom
16:52 Town Watch
20:57 Scale Barding Armor
24:52 Castle Age
23:40 Double-Bit Axe
24:57 Fletching
epic shit
8:58 Feudal Age
9:56 Loom
13:05 Town Watch
17:01 Castle Age
17:19 Fletching
17:30 Padded Archer Armor
18:27 Double-Bit Axe
19:20 Wheelbarrow
20:12 Bow Saw
23:59 Bodkin Arrow
26:04 Elite Skirmisher
Connection lost

Rejoining the realm…

Still unreachable

The connection could not be restored.

Session expired

The server has moved on; the page needs a fresh start.